Map: Ley Lines

Players

Moja

  • Race: Terran Terran
  • League: Grandmaster
  • Spawn Location: 1:00

IIIIIIII - Winner!

  • Race: Terran Terran
  • League: Master
  • Spawn Location: 7:00

VOD

Have the link to the VOD?

Description

Time

  • Played on: April 9, 2025, 6:51 p.m.
  • Length: 8:34
Show
View Real Time Build Order
Export as new Build Order

Moja Terran 

Build Orders: Cyclone Opening 

Get SALT Encoding   

  12  0:00  SCV  
  13  0:12  SCV  
  14  0:17  Supply Depot  
  14  0:24  SCV  
  15  0:38  SCV, Barracks  
  15  0:42  Refinery  
  16  0:50  SCV  
  16  0:52  Refinery  
  17  1:02  SCV  
  18  1:14  SCV  
  20  1:25  Reaper  
  20  1:26  Orbital Command  
  20  1:33  Supply Depot  
  20  1:39  Factory  
  20  1:52  SCV  
  21  1:57  Reaper  
  22  2:04  SCV  
  23  2:14  Command Center  
  23  2:17  SCV  
  26  2:23  Hellion  
  26  2:28  Supply Depot  
  27  2:30  SCV  
  27  2:33  Barracks Tech Lab  
  27  2:42  SCV  
  28  2:54  SCV  
  28  2:55  Cyclone  
  32  3:02  Barracks Reactor  
  32  3:05  Starport  
  31  3:06  SCV  
  32  3:13  Refinery  
  32  3:18  SCV  
  33  3:25  Orbital Command  
  33  3:29  Siege Tank  
  33  3:30  SCV  
  37  3:47  SCV  
  37  3:49  Marine x2  
  37  3:52  Viking  
  37  3:53  SCV  
  42  4:01  Siege Tank, SCV  
  46  4:06  Marine  
  46  4:07  SCV, Marine  
  49  4:10  Supply Depot  
  49  4:13  SCV  
  50  4:19  SCV  
  50  4:21  Supply Depot  
  51  4:30  SCV, Viking  
  54  4:32  SCV, Medivac  
  54  4:34  Siege Tank  
  60  4:40  Supply Depot  
  60  4:42  SCV  
  60  4:44  SCV  
  62  4:59  SCV  
  57  5:05  SCV  
  52  5:07  Siege Tank  
  52  5:11  Viking  
  52  5:12  Viking  
  59  5:19  SCV  
  60  5:25  SCV  
  60  5:31  SCV  
  60  5:32  Barracks Tech Lab, Refinery  
  60  5:34  Supply Depot  
  61  5:38  Command Center  
  61  5:39  SCV  
  62  5:43  SCV, Siege Tank  
  62  5:48  Viking x2  
  70  5:51  SCV  
  70  5:55  SCV  
  68  6:03  SCV  
  67  6:08  SCV  
  55  6:20  Viking x2  
  59  6:27  SCV x2  
  61  6:39  SCV  
  62  6:45  Siege Tank  
  62  6:46  Stimpack  
  63  6:47  SCV  
  63  6:50  Orbital Command  
  63  6:51  SCV  
  65  6:59  SCV  
  66  7:03  SCV, Liberator, Viking  
  72  7:11  SCV  
  73  7:15  SCV  
  73  7:16  SCV  
  75  7:23  SCV  
  75  7:27  SCV  
  61  7:30  SCV  
  61  7:34  Siege Tank  
  61  7:35  SCV  
  61  7:36  Viking  
  65  7:37  Barracks  
  65  7:38  Barracks  
  65  7:40  SCV  
  65  7:42  SCV  
  67  7:46  Viking  
  69  7:53  SCV x2  
Show
View Real Time Build Order
Export as new Build Order

IIIIIIII Terran - Winner!

Build Orders:  

Get SALT Encoding   

  12  0:00  SCV  
  13  0:12  SCV  
  14  0:16  Supply Depot  
  14  0:24  SCV  
  15  0:38  SCV, Barracks  
  16  0:43  Refinery  
  16  0:50  SCV  
  16  0:52  Refinery  
  17  1:02  SCV  
  18  1:14  SCV  
  19  1:25  Barracks Reactor  
  19  1:27  Orbital Command, Supply Depot  
  19  1:42  Factory  
  19  1:53  SCV  
  20  2:05  SCV, Reaper  
  20  2:06  Reaper  
  23  2:17  SCV  
  24  2:25  Command Center  
  26  2:30  Hellion  
  26  2:32  SCV  
  27  2:39  Reaper  
  27  2:40  Reaper  
  27  2:43  Supply Depot  
  29  2:47  SCV  
  30  3:03  SCV  
  30  3:05  Hellion  
  33  3:07  Starport  
  33  3:14  Marine x2  
  33  3:19  SCV  
  36  3:21  Refinery  
  36  3:30  Factory Tech Lab  
  36  3:31  SCV  
  37  3:43  SCV  
  37  3:46  SCV  
  35  3:49  Marine x2  
  35  3:51  Medivac  
  35  3:53  Cyclone  
  42  3:57  SCV  
  42  3:59  Orbital Command  
  43  4:10  Marine  
  43  4:11  SCV, Marine  
  46  4:23  Liberator  
  49  4:25  Siege Tank  
  49  4:28  SCV x2  
  49  4:30  Supply Depot  
  54  4:34  Supply Depot  
  54  4:46  SCV, Marine  
  54  4:52  SCV, Marine  
  54  5:04  Siege Tank, Marine  
  53  5:08  SCV x2  
  55  5:20  SCV x2  
  57  5:21  Refinery  
  57  5:22  Starport  
  53  5:32  SCV x2  
  53  5:33  Viking x2  
  59  5:41  Siege Tank  
  62  5:44  SCV x2  
  62  5:46  Supply Depot  
  63  5:51  Supply Depot  
  63  5:56  SCV x2  
  65  5:58  Marine  
  66  6:08  SCV  
  66  6:09  SCV  
  62  6:11  Viking  
  62  6:12  Viking x2  
  62  6:17  Siege Tank  
  68  6:20  Marine  
  68  6:21  SCV x2  
  71  6:27  Supply Depot  
  71  6:28  Command Center  
  71  6:29  Supply Depot  
  70  6:33  SCV x2  
  72  6:45  SCV x2, Marine  
  72  6:46  Viking x3  
  77  6:50  Supply Depot  
  77  6:53  Siege Tank  
  80  6:57  SCV x2  
  82  7:09  SCV x2  
  83  7:16  Viking x3  
  83  7:21  SCV  
  82  7:28  SCV  
  66  7:33  SCV  
  66  7:35  Siege Tank  
  70  7:38  Barracks Tech Lab  
  70  7:39  Barracks  
  70  7:40  SCV, Barracks  
  71  7:45  SCV  
  71  7:48  Viking  
  71  7:50  Viking  
  76  7:52  SCV  
  76  7:57  SCV  
  78  8:04  SCV x2  
  78  8:09  SCV  
Tags
 
Matchup
TvT
Player
Moja
Race
Terran
Replay Pack
Moja Replays
Spawn Locations
Cross Positions
Add a new tag
Caveats
  • Supply blocks, unpowered buildings, or Contaminate may cause inaccurate times.
  • Supply counts are checked every 10 seconds.